 Dungeon Sprint DCSS version 0.22.1-1-ga44c0e56f4 (webtiles) character file.

2900 MuseOD the Unseen (level 9, 0/49 HPs)
             Began as a Spriggan Enchanter on Sept 23, 2018.
             Was a High Priest of Dithmenos.
             Slain by a demonic crawler (6 damage)
             ... in the Dungeon (Sprint VII: "The Pits").
             The game lasted 00:05:25 (2120 turns).

MuseOD the Unseen (Spriggan Enchanter)              Turns: 2120, Time: 00:05:26

Health: 0/49       AC:  2    Str:  4    XL:     9   Next: 49%
Magic:  5/24       EV: 18    Int: 20    God:    Dithmenos [*****.]
Gold:   0          SH:  0    Dex: 16    Spells: 17/29 levels left

rFire    . . .     SeeInvis +   q - +2 rapier (venom)
rCold    . . .     Gourm    .   (shield restricted)
rNeg     . . .     Faith    .   b - +0 robe
rPois    .         Spirit   .   (helmet restricted)
rElec    .         Reflect  .   (no cloak)
rCorr    .         Harm     .   (gloves unavailable)
MR       +....     NoTele   +   (boots unavailable)
Stlth    ++++++++++             (no amulet)
HPRegen  0.16/turn              (no ring)
MPRegen  0.19/turn              (no ring)

@: wreathed by umbra, very quick
A: very small, unfitting armour, see invisible, herbivore, speed 3, slow
metabolism 2
a: Shadow Step, Shadow Form, Renounce Religion


You were in the Dungeon.
You worshipped Dithmenos.
Dithmenos was extremely pleased with you.
You were hungry.

You visited 1 branch

Inventory:

Hand Weapons
 c - a +2 dagger
 q - a +2 rapier of venom (weapon)
Armour
 b - a +0 robe (worn)
Jewellery
 n - a +3 ring of intelligence
 o - a +3 ring of protection
Scrolls
 j - a scroll of blinking
 k - 3 scrolls of remove curse
 l - 5 scrolls of amnesia
 m - a scroll of summoning
Potions
 a - 3 potions of berserk rage
 e - 6 potions of curing
 f - 16 potions of heal wounds
 g - a potion of haste
 h - 4 potions of magic
 i - 2 potions of invisibility
 p - a potion of agility
 r - a potion of might
Comestibles
 d - 9 rations


   Skills:
 - Level 6.8 Fighting
 - Level 12.4 Short Blades
 - Level 3.0 Dodging
 + Level 17.5 Stealth
 + Level 10.6 Spellcasting
 + Level 10.9 Hexes


You had 17 spell levels left.
You knew the following spells:

 Your Spells              Type           Power        Failure   Level  Hunger
a - Corona                Hex            ######.      1%          1    None
b - Ensorcelled Hibernat  Hex/Ice        ####..       1%          2    None
c - Confuse               Hex            ######..     1%          3    None
d - Dazzling Spray        Conj/Hex       ####..       1%          3    None
e - Tukima's Dance        Hex            ######..     1%          3    None

Your spell library contained the following spells:

 Spells                   Type           Power        Failure   Level  Hunger


Dungeon Overview and Level Annotations

Branches:
Dungeon (1/1)

Altars:
Ashenzari
Cheibriados
Dithmenos
Elyvilon
Fedhas
Gozag
Hepliaklqana
Kikubaaqudgha
Makhleb
Nemelex Xobeh
Okawaru
Qazlal
Ru
Sif Muna
Trog
Uskayaw
Vehumet
Wu Jian
Xom
Yredelemnul
Zin
The Shining One
Beogh
Jiyva
Lugonu


Innate Abilities, Weirdness & Mutations

You are very small and have problems with some larger weapons.
You are too small for most types of armour.
You have supernaturally acute eyesight. (SInv)
You are a herbivore.
You cover ground extremely quickly.
You need to consume almost no food.


Message History

You impale the demonic crawler!!
The demonic crawler is heavily wounded.
Your shadow completely misses the demonic crawler.
You kill the merfolk siren!
Dithmenos accepts your kill.
The demonic crawler closely misses you. x2
The demonic crawler barely misses you.
You hit the demonic crawler but do no damage.
The demonic crawler is heavily wounded.
The demonic crawler misses you. The demonic crawler closely misses you.
The demonic crawler completely misses you.
Casting: Dazzling Spray (safe; 1% risk of failure)
Confirm with . or Enter, or press ? or * to list all spells.
Aiming: Confuse (safe; 1% risk of failure)
Press: ? - help, Shift-Dir - straight line, f - swamp drake
Aim: a swamp drake (moderately wounded, umbra, chance to defeat MR: 73%)
The swamp drake appears confused.
The swamp drake bites itself!
The demonic crawler closely misses you. The demonic crawler barely misses you.
The demonic crawler hits you.
You die...

))##.......##''#####
))##.......##......#
[[##.......##..).### ##
'###...<...##...##.+ +.##
..##.......##..##..##+##..##
..##.......##..#..##...##.§+
####.......##..#..#.....#§.#
..###########..'..k.....+§.+
.############..#@.#.....#.m#
†#....#..[[##..#.s##...##..+
'#....#..[[##..##))##'##†.##
.'...('..))##...##.+s.k'.##
'#....#...)##... ###...###
†#....#..))##.... #...+
################# #####


You could see a demonic crawler (blind) and a swamp drake (confused).

Vanquished Creatures
  A cyclops (D)
  A merfolk siren (D)
  A black mamba (D)
  A gargoyle (D)
  An efreet (D)
  Grinder (D)
  A snapping turtle (D)
  A wraith (D)
  A tarantella (D)
  A warg (D)
  A floating eye (D)
  An eye of draining (D)
  A wolf (D)
  A centaur (D)
  A big kobold (D)
  A jelly (D)
  A worker ant (D)
  An adder (D)
  A gnoll (D)
  A river rat (D)
  A white imp (D)
  2 ufetubi (D)
  An adder zombie (D)
  A leopard gecko (D)
  A bat skeleton (D)
  A bat zombie (D)
  A goblin (D)
  A quokka (D)
  A ball python (D)
  A bat (D)
  2 rats (D)
33 creatures vanquished.

Notes
Turn   | Place    | Note
-------+----------+-------------------------------------------
     0 | D        | MuseOD the Spriggan Enchanter began the quest for the Orb.
     0 | D        | Reached XP level 1. HP: 9/9 MP: 5/5
    17 | D        | Reached skill level 1 in Fighting
    17 | D        | Reached skill level 5 in Stealth
    23 | D        | Found a bloodstained altar of Trog.
    23 | D        | Found a deep blue altar of Sif Muna.
    23 | D        | Found a viscous altar of Jiyva.
    23 | D        | Found a hazy altar of Hepliaklqana.
    23 | D        | Found an opulent altar of Gozag.
    24 | D        | Found a glowing golden altar of the Shining One.
    24 | D        | Found a glowing silver altar of Zin.
    24 | D        | Found a basalt altar of Yredelemnul.
    24 | D        | Found a shimmering altar of Xom.
    24 | D        | Found an ornate altar of the Wu Jian Council.
    24 | D        | Found a sacrificial altar of Ru.
    24 | D        | Found a stormy altar of Qazlal.
    24 | D        | Found an iron altar of Okawaru.
    24 | D        | Found a sparkling altar of Nemelex Xobeh.
    24 | D        | Found a burning altar of Makhleb.
    24 | D        | Found a blossoming altar of Fedhas.
    24 | D        | Found a white marble altar of Elyvilon.
    24 | D        | Found a shadowy altar of Dithmenos.
    24 | D        | Found a snail-covered altar of Cheibriados.
    26 | D        | Found a corrupted altar of Lugonu.
    26 | D        | Found a radiant altar of Vehumet.
    26 | D        | Found a roughly hewn altar of Beogh.
    27 | D        | Found an ancient bone altar of Kikubaaqudgha.
    27 | D        | Found a hide-covered altar of Uskayaw.
    27 | D        | Found a shattered altar of Ashenzari.
    32 | D        | Became a worshipper of Dithmenos the Shadowed
   213 | D        | Reached * piety under Dithmenos
   213 | D        | Reached XP level 2. HP: 14/14 MP: 6/6
   220 | D        | Learned a level 2 spell: Ensorcelled Hibernation
   224 | D        | Reached skill level 6 in Stealth
   356 | D        | Reached ** piety under Dithmenos
   356 | D        | Reached skill level 5 in Short Blades
   356 | D        | Reached XP level 3. HP: 17/19 MP: 0/8
   385 | D        | Learned a level 3 spell: Confuse
   733 | D        | Reached skill level 7 in Stealth
   857 | D        | Noticed a centaur
   857 | D        | Noticed a wolf
   859 | D        | Noticed a big kobold
   859 | D        | Noticed a warg
   871 | D        | Killed a centaur
   871 | D        | Reached skill level 8 in Stealth
   871 | D        | Reached XP level 4. HP: 25/25 MP: 1/9
   983 | D        | Killed a warg
   983 | D        | Reached *** piety under Dithmenos
   983 | D        | Reached skill level 10 in Stealth
   983 | D        | Reached XP level 5. HP: 30/30 MP: 3/10
  1017 | D        | Reached skill level 5 in Fighting
  1017 | D        | Reached skill level 10 in Short Blades
  1017 | D        | Reached XP level 6. HP: 28/35 MP: 3/11
  1047 | D        | Reached skill level 11 in Stealth
  1213 | D        | Reached **** piety under Dithmenos
  1214 | D        | Noticed a floating eye
  1216 | D        | Killed a floating eye
  1216 | D        | Reached skill level 12 in Stealth
  1217 | D        | Noticed a cyclops
  1220 | D        | Noticed Grinder
  1231 | D        | Killed Grinder
  1231 | D        | Reached XP level 7. HP: 41/41 MP: 2/12
  1237 | D        | Reached skill level 13 in Stealth
  1242 | D        | Reached ***** piety under Dithmenos
  1301 | D        | Learned a level 3 spell: Dazzling Spray
  1344 | D        | Noticed a snapping turtle
  1348 | D        | Killed a snapping turtle
  1348 | D        | Reached skill level 5 in Hexes
  1350 | D        | Killed a cyclops
  1350 | D        | Reached skill level 14 in Stealth
  1350 | D        | Reached XP level 8. HP: 45/45 MP: 12/18
  1356 | D        | Found the +7 great mace "Firestarter" {inner flame, rF++}
  1462 | D        | Learned a level 3 spell: Tukima's Dance
  1462 | D        | Noticed an efreet
  1470 | D        | Killed an efreet
  1470 | D        | Reached skill level 15 in Stealth
  1744 | D        | Noticed a gargoyle
  1747 | D        | Killed a gargoyle
  1747 | D        | Reached skill level 16 in Stealth
  1747 | D        | Reached XP level 9. HP: 40/49 MP: 12/22
  2057 | D        | Noticed a merfolk siren
  2057 | D        | Noticed a black mamba
  2059 | D        | Killed a black mamba
  2059 | D        | Reached skill level 17 in Stealth
  2059 | D        | Reached skill level 10 in Spellcasting
  2059 | D        | Reached skill level 10 in Hexes
  2060 | D        | Noticed a demonic crawler
  2118 | D        | Killed a merfolk siren
  2120 | D        | Slain by a demonic crawler

Skill      XL: |  1  2  3  4  5  6  7  8  9 |
---------------+----------------------------+-----
Fighting       | 1 2 3 4 5 6 |  6.8
Short Blades   | 3 5 7 9 10 12 | 12.4
Stealth        | 5 6 8 10 12 14 16 17 | 17.5
Spellcasting   | 6 8 10 | 10.6
Hexes          | 6 9 10 | 10.9
Dodging        | |  3.0

Action                   |  1- 3 |  4- 6 |  7- 9 || total
-------------------------+-------+-------+-------++-------
Melee: Dagger            |    22 |    51 |    13 ||    86
       Rapier            |       |       |    21 ||    21
 Cast: Ensorcelled Hiber |     4 |     4 |       ||     8
       Confuse           |     2 |     7 |    14 ||    23
       Dazzling Spray    |       |       |     1 ||     1
Invok: Shadow Step       |       |       |     5 ||     5
  Use: Potion            |     1 |     1 |       ||     2
 Stab: Sleeping          |     5 |     4 |     7 ||    16
       Confused          |     2 |     2 |     3 ||     7
       Invisible         |       |       |     1 ||     1
Armor: Robe              |     2 |     1 |       ||     3
Dodge: Dodged            |    21 |    30 |    18 ||    69
